 Dungeon Crawl Stone Soup version 0.31-a0-844-gdc52ec4e09 (webtiles) character file.

Game seed: 3195038073620672315

56 pop123321pop the Cudgeller (level 3, -5/46 HPs)
             Began as a Minotaur Berserker on Oct 1, 2023.
             Was a Believer of Trog.
             Slain by a goblin
             ... wielding a +0 club
             ... led by Robin
              (6 damage)
             ... on level 2 of the Dungeon.
             The game lasted 00:01:06 (1083 turns).

pop123321pop the Cudgeller (Minotaur Berserker)     Turns: 1083, Time: 00:01:06

Health: -5/46      AC:  6    Str: 21    XL:     3   Next: 69%
Magic:  2/2        EV: 10    Int:  4    God:    Trog [**....]
Gold:   84         SH:  0    Dex: 11    Spells: 2/2 levels left

rFire   . . .        b - +2 mace (heavy)
rCold   . . .        (no shield)
rNeg    . . .        h - +0 scale mail
rPois   .            (helmet restricted)
rElec   .            (no cloak)
rCorr   .            (no gloves)
SInv    .            (no boots)
Will    .....        (no amulet) Stlth
                     (no ring)
HPRegen 0.27/turn    (no ring)
MPRegen 0.08/turn

%: no passive effects
@: berserking (expiring), very quick
A: horns 2, retaliatory headbutt
a: Renounce Religion, Berserk, Trog's Hand


You were on level 2 of the Dungeon.
You worshipped Trog.
Trog was pleased with you.
You visited 1 branch of the dungeon, and saw 2 of its levels.

You collected 84 gold pieces.

Inventory:

Hand Weapons
 b - a +2 heavy mace (weapon)
Armour
 h - a +0 scale mail (worn)
Scrolls
 c - a scroll of immolation {unknown}
 d - a scroll of torment {unknown}
Potions
 e - 2 potions of magic {unknown}
 f - a potion of heal wounds {unknown}
 g - a potion of might {unknown}


   Skills:
 - Level 3.6 Fighting
 + Level 5.7 Maces & Flails
 - Level 2.4 Armour
 - Level 2.1 Dodging


You had 2 spell levels left.
You didn't know any spells.
Your spell library was empty.

Dungeon Overview and Level Annotations

Branches:
Dungeon (2/15)

Altars:

Annotations:
D:2 Robin


Innate Abilities, Weirdness & Mutations

You have a pair of horns on your head.
You reflexively headbutt those who attack you in melee.


Message History

A hobgoblin comes into view.
The goblin closely misses you. You furiously retaliate!
You headbutt the goblin.
The hobgoblin shouts!
You sock the hobgoblin!
You kill the hobgoblin!
Trog accepts your kill.
The goblin barely misses you. x2; The goblin hits you but does no damage.
The goblin barely misses you. You furiously retaliate!
You headbutt the goblin!!
You kill the goblin!
Trog accepts your kill.
You sock the goblin!
You kill the goblin!
Trog accepts your kill.
The goblin hits you but does no damage. x2; The goblin hits you with a +0 club.
* * * LOW HITPOINT WARNING * * *
Unknown command.
Things that are here:
a +0 club; a +0 club; a goblin corpse Unknown command.
You feel a strong urge to attack something.
The goblin hits you with a +0 club.
* * * LOW HITPOINT WARNING * * *
Robin barely misses you. The goblin hits you with a +0 club.
* * * LOW HITPOINT WARNING * * *
Unknown command.
You closely miss Robin. The goblin closely misses you.
The goblin hits you with a +0 club.
* * * LOW HITPOINT WARNING * * *
Robin hits you with a +0 club.
* * * LOW HITPOINT WARNING * * *
The goblin hits you but does no damage.
Unknown command.
You hit Robin.
Robin is moderately wounded.
The goblin hits you with a +0 club.
* * * LOW HITPOINT WARNING * * *
Robin misses you. The goblin hits you with a +0 club.
You die...

# #.##.###.##. .##.##.#
#.... ......# ####.
#...### #† #.^.# ###.
#...# #...
#####...######.##
#..####g..........#....
#...gg@g.).............
...#####g).........#..#.
###.#####.###..#. #.#
#.# #.... #.# #.# #....
#.# #.# ####. #.# #.# #.
... ..# #.


You could see Robin, a hobgoblin (strong) and 3 goblins.

Vanquished Creatures
  An adder (D:2)
  3 ball pythons
  5 bats
  4 endoplasms
  2 giant cockroaches
  7 goblins
  4 hobgoblins
  3 quokkas
  2 frilled lizards
  3 kobolds
  7 rats
41 creatures vanquished.

Notes
Turn   | Place    | Note
-------+----------+-------------------------------------------
     0 | D:1      | pop123321pop the Minotaur Berserker began the quest for the
                  | Orb.
     0 | D:1      | Reached XP level 1. HP: 19/19 MP: 0/0
    28 | D:1      | Reached skill level 4 in Maces & Flails
   100 | D:1      | Reached XP level 2. HP: 26/26 MP: 1/1
   852 | D:2      | Reached skill level 5 in Maces & Flails
   858 | D:2      | Reached ** piety under Trog
   912 | D:2      | Reached XP level 3. HP: 28/31 MP: 2/2
  1025 | D:2      | Found a faded altar of an unknown god.
  1073 | D:2      | Noticed Robin
  1082 | D:2      | HP: 2/46 [Robin/+0 club (3)]
  1083 | D:2      | Slain by a goblin

Illustrated notes

Levels and vault maps discovered:
D:1:      dpeg_arrival_subterranean_lakeside_camping, layout_basic,
          nicolae_kite_square_tiling_tiny
D:2:      layout_loops_cross, serial_shops, shop,
          dreamdust_ecumenical_altar_statues, uniq_robin,
          uniq_crazy_yiuf_cottage

Skill      XL: |  1  2 |
---------------+-------+-----
Maces & Flails | 4 5 |  5.7
Fighting       | |  3.6
Armour         | |  2.4
Dodging        | |  2.1

Action                     || total
---------------------------++-------
  Melee: Mace              ||    70
         Headbutt          ||     6
 Invoke: Berserk           ||     1
 Armour: Animal skin       ||    17
         Scale mail        ||    37
  Dodge: Dodged            ||    64

Table legend: (Time is in decaauts)
 A = Elapsed time spent in this place.
 B = Non-inter-level travel time spent in this place.
 C = Inter-level travel time spent in this place.
 D = Time resting spent in this place.
 E = Time spent auto-exploring this place.
 F = Levels seen in this place.
 G = Mean time per level.
                   A        B        C        D        E       F      G
               +--------+--------+--------+--------+--------+-----+--------+
         Total |   1110 |   1026 |     84 |      0 |    814 |   2 |  555.0 |
       Dungeon |   1110 |   1026 |     84 |      0 |    814 |   2 |  555.0 |
               +--------+--------+--------+--------+--------+-----+--------+

Top non-repeatable levels by time:
     D:1: 856 daAuts
     D:2: 253 daAuts
